 Dungeon Crawl Stone Soup version 0.27.1-1-g398f81649c (webtiles) character file.

Game seed: 8860358034036935670

60 ZARRMARR the Conjurer (level 4, -1/29 HPs)
             Began as an Octopode Conjurer on Sept 13, 2021.
             Slain by a gnoll (2 damage)
             ... on level 2 of the Dungeon.
             The game lasted 00:03:07 (1717 turns).

ZARRMARR the Conjurer (Octopode Conjurer)           Turns: 1717, Time: 00:03:08

Health: -1/29      AC:  1    Str:  6    XL:     4   Next: 4%
Magic:  1/7        EV: 13    Int: 21    God:
Gold:   66         SH:  0    Dex: 10    Spells: 6/7 levels left

rFire    . . .     SeeInvis .   (no weapon)
rCold    . . .     Faith    .   (no shield)
rNeg     . . .     Spirit   .   (helmet restricted)
rPois    .         Reflect  .   (no amulet)
rElec    .         Harm     .   (no ring)
rCorr    .         Rampage  .   (no ring)
Will     .....                  (no ring)
Stlth    +++.......             (no ring)
HPRegen  0.09/turn              (no ring)
MPRegen  0.10/turn              (no ring)
                                (no ring)
                                (no ring)

@: no status effects
A: almost no armour, amphibious, 8 rings, camouflage 1, gelatinous body 1,
(nimble swimmer 1), tentacles
a: no special abilities


You were on level 2 of the Dungeon.
You visited 1 branch of the dungeon, and saw 2 of its levels.

You collected 66 gold pieces.

Inventory:

Scrolls
 a - 3 scrolls of blinking
 b - a scroll of silence {unknown}
 d - a scroll of amnesia {unknown}
 e - a scroll of torment {unknown}
 f - a scroll of vulnerability {unknown}
Potions
 c - a potion of flight {unknown}


   Skills:
 + Level 2.1 Fighting
 + Level 3.1 Dodging
 - Level 2.7 Stealth
 - Level 2.0 Spellcasting
 - Level 4.2 Conjurations


You had 6 spell levels left.
You knew the following spells:

 Your Spells              Type           Power      Damage    Failure   Level
a - Magic Dart            Conj           76%        1d6       2%          1

Your spell library contained the following spells:

 Spells                   Type           Power      Damage    Failure   Level
 Searing Ray              Conj           38%        3d4       4%          2
 Dazzling Flash           Conj/Hex       22%        N/A       19%         3
 Fulminant Prism          Conj/Hex       5%         3d7       52%         4
 Iskenderun's Mystic Bla  Conj/Tloc      11%        2d4       52%         4


Dungeon Overview and Level Annotations

Branches:
Dungeon (2/15)

Altars:
Hepliaklqana


Innate Abilities, Weirdness & Mutations

You cannot wear most types of armour.
You are amphibious.
You can wear up to eight rings at the same time.
Your skin changes colour to match your surroundings (Stealth+).
Your rubbery body absorbs attacks. (AC +1, EV +1)
((You are camouflaged near water. (Stealth+)))
You have tentacles for arms and can constrict up to eight enemies at once.


Message History

The adder is heavily wounded.
The magic dart hits the adder.
The adder is severely wounded.
The magic dart hits the adder.
The adder is almost dead.
The magic dart hits the adder.
You kill the adder!
The magic dart hits the goblin.
You kill the goblin!
Your Dodging skill increases to level 3!
Found a stone staircase leading down.
A gnoll comes into view. It is wielding a +0 halberd.
The gnoll shouts!
You hear a shout!
The gnoll moves out of view.
A gnoll comes into view. It is wielding a +0 whip.
A gnoll is nearby!
The magic dart hits the gnoll.
The gnoll is heavily wounded.
The gnoll shouts!
The magic dart hits the gnoll.
The gnoll is severely wounded.
A gnoll comes into view. It is wielding a +0 whip.
The magic dart hits the gnoll.
You kill the gnoll!
Your Fighting skill increases to level 2!
You have reached level 4!
The magic dart hits the gnoll.
The gnoll is moderately wounded.
The magic dart hits the gnoll.
The gnoll is heavily wounded.
The magic dart hits the gnoll.
The gnoll is severely wounded.
You are too depleted to draw on your mana recklessly!
The gnoll hits you with a +0 halberd!
The gnoll hits you from afar with a +0 halberd!
* * * LOW HITPOINT WARNING * * *
The gnoll hits you with a +0 whip.
* * * LOW HITPOINT WARNING * * *
The gnoll barely misses you. The gnoll hits you with a +0 whip.
You die...

#.. .....#### #.# #.......#
#.# #.......# #.#
####.......### #.#
#............. #.#
#.##....>..###
#########.###...........)†
...................#...##.
######....g@......##........
#........g.............####.
..)....#######....###.......
#.####. #.#.## #..####. #.
#.#.####..####. #. #....
.......## .. ###.####..##.##
#. #..##.## #. #.......


You could see 2 gnolls.

Vanquished Creatures
  A gnoll (D:2)
  2 adders (D:2)
  A dart slug (D:2)
  7 ball pythons
  4 bats
  3 endoplasms (D:1)
  3 goblins
  4 hobgoblins
  A frilled lizard (D:1)
  4 kobolds
  2 rats
32 creatures vanquished.

Notes
Turn   | Place    | Note
-------+----------+-------------------------------------------
     0 | D:1      | ZARRMARR the Octopode Conjurer began the quest for the Orb.
     0 | D:1      | Reached XP level 1. HP: 11/11 MP: 3/3
   228 | D:1      | Reached XP level 2. HP: 18/18 MP: 1/5
   590 | D:1      | Reached skill level 1 in Fighting
  1209 | D:2      | Found a hazy altar of Hepliaklqana.
  1218 | D:2      | Reached XP level 3. HP: 16/23 MP: 0/6
  1497 | D:2      | Found a faded altar of an unknown god.
  1708 | D:2      | Reached XP level 4. HP: 29/29 MP: 3/7
  1716 | D:2      | HP: 1/29 [gnoll (3)]
  1717 | D:2      | Slain by a gnoll

Illustrated notes

Levels and vault maps discovered:
D:1:      nicolae_arrival_memento_mori, layout_basic, serial_rivers,
          chequers_serial_rivers_room_a, chequers_serial_rivers_large_b,
          chequers_serial_rivers_marsh, chequers_serial_rivers_small_3,
          chequers_serial_rivers_micro_d, chequers_serial_rivers_small_3
D:2:      layout_loops_ring, basic_altar, basic_ecumenical_altar,
          minmay_circle_x

Skill      XL: |  1  2  3 |
---------------+----------+-----
Fighting       | 1 2 |  2.1
Dodging        | 3 |  3.1
Stealth        | |  2.7
Spellcasting   | |  2.0
Conjurations   | |  4.2

Action                   |  1- 3 |  4- 6 || total
-------------------------+-------+-------++-------
Melee: Unarmed           |    10 |       ||    10
       Constrict         |     2 |       ||     2
       Tentacles         |     1 |       ||     1
 Cast: Magic Dart        |    56 |     3 ||    59
  Use: Scroll            |     2 |       ||     2
Dodge: Dodged            |     6 |     1 ||     7
